 Dungeon Crawl Stone Soup version 0.26-a0-812-g31a745ddcd (webtiles) character file.

Game seed: 479178155575923712

420 Kinoniko the Chopper (level 6, -23/54 HPs)
             Began as a Palentonga Fighter on Nov 13, 2020.
             Annihilated by an ogre
             ... wielding a +0 giant club
              (25 damage)
             ... on level 4 of the Dungeon.
             The game lasted 00:04:46 (3329 turns).

Kinoniko the Chopper (Palentonga Fighter)           Turns: 3329, Time: 00:04:46

Health: -23/54     AC:  6    Str: 19    XL:     6   Next: 62%
Magic:  0/15       EV:  5    Int:  9    God:
Gold:   212        SH:  9    Dex: 11    Spells: 5/5 levels left

rFire    . . .     SeeInvis +   a - +0 war axe
rCold    . . .     Faith    .   c - +0 kite shield
rNeg     . . .     Spirit   +   b - +0 scale mail
rPois    .         Reflect  .   (no helmet)
rElec    .         Harm     .   (no cloak)
rCorr    .         Rampage  .   (no gloves)
MR       .....                  (no barding)
Stlth    ..........             k - amulet of guardian spirit
HPRegen  0.18/turn              g - ring of magical power
MPRegen  0.14/turn              (no ring)

@: mighty
A: large, rugged brown scales 3, see invisible, deformed body, roll, armoured
tail
a: Rolling Charge


You were on level 4 of the Dungeon.
You visited 1 branch of the dungeon, and saw 4 of its levels.

You collected 212 gold pieces.

Inventory:

Hand Weapons
 a - a +0 war axe (weapon)
Armour
 b - a +0 scale mail (worn)
 c - a +0 kite shield (worn)
Jewellery
 g - a ring of magical power (left hand)
 k - an amulet of guardian spirit (around neck)
 p - an uncursed ring of poison resistance
Scrolls
 e - a scroll of amnesia {unknown}
 f - 9 scrolls of identify {unknown}
 j - 2 scrolls of magic mapping
 m - 4 scrolls of teleportation {unknown}
 n - a scroll of remove curse
Potions
 h - 4 potions of heal wounds {unknown}
 i - a potion of brilliance {unknown}
 l - a potion of attraction {unknown}
 o - a potion of berserk rage {unknown}


   Skills:
 - Level 3.0 Fighting
 * Level 6.0 Axes
 - Level 2.4 Armour
 + Level 4.0 Shields


You had 5 spell levels left.
You didn't know any spells.
Your spell library was empty.

Dungeon Overview and Level Annotations

Branches:
Dungeon (4/15)
 Temple: D:4-7

Altars:
Cheibriados
Qazlal


Innate Abilities, Weirdness & Mutations

You are completely covered in rugged brown scales. (AC +3, +7% HP)
You have supernaturally acute eyesight. (SInv)
Armour fits poorly on your strangely shaped body.
You can roll at foes to attack.
You have a long armoured tail.


Message History

You barely miss the orc priest.
The orc priest looks braver for a moment.
The orc priest hits you but does no damage.
You closely miss the orc. You tail-slap the orc!
You kill the orc!
Your Axes skill increases to level 6!
You barely miss the orc priest. The orc priest completely misses you.
A worker ant comes into view.
You block the orc priest's attack.
Items here: )) [ †.
The ogre hits you with a +0 giant club!!
* * * LOW HITPOINT WARNING * * *
You hit the ogre.
The ogre is lightly wounded.
You slash the orc priest!
The orc priest mumbles some strange prayers to Beogh against you.
Pain shoots through your body!
* * * LOW HITPOINT WARNING * * *
The ogre hits you with a +0 giant club!!
You die...

#.#.# ## #.#.###. .#
#.#.##.. .# #.#.##.# .#
#.#.##.# .# #.#.##.# .#
#####.#.##.#
.####..........####.#
...)...........)@...#
..###.#######.#o.O......
..# #.# ##.###.B.#.# #.#
#.# #.# .#...# #.# #.#
#.# # ... #.# #.# #.# .#
#.# #.. ..# . ..# .. #..


You could see an ogre, a worker ant and an orc priest.

Vanquished Creatures
  An ogre (D:3)
  2 scorpions (D:4)
  An orc priest (D:3)
  An orc wizard (D:3)
  8 adders
  2 oozes
  3 worms
  A dart slug (D:1)
  A leopard gecko (D:3)
  12 orcs
  2 giant cockroaches (D:1)
  8 goblins
  11 hobgoblins
  2 ball pythons
  5 bats
  4 frilled lizards
  A jackal skeleton (D:4)
  14 kobolds
  13 rats
92 creatures vanquished.

Vanquished Creatures (others)
  A plant (D:4)
1 creature vanquished.

Grand Total: 93 creatures vanquished

Notes
Turn   | Place    | Note
-------+----------+-------------------------------------------
     0 | D:1      | Kinoniko the Palentonga Fighter began the quest for the
                  | Orb.
     0 | D:1      | Reached XP level 1. HP: 20/20 MP: 1/1
    41 | D:1      | Reached XP level 2. HP: 20/27 MP: 2/2
   250 | D:1      | Reached skill level 3 in Axes
   527 | D:1      | Reached XP level 3. HP: 32/33 MP: 3/3
  1155 | D:2      | Found a snail-covered altar of Cheibriados.
  1214 | D:2      | Reached XP level 4. HP: 40/40 MP: 4/4
  1640 | D:3      | Found a stormy altar of Qazlal.
  1654 | D:3      | Reached skill level 4 in Axes
  2111 | D:3      | Reached XP level 5. HP: 48/48 MP: 5/5
  2539 | D:3      | Reached skill level 5 in Axes
  2800 | D:4      | Noticed an ogre
  2807 | D:3      | Killed an ogre
  2807 | D:3      | Reached XP level 6. HP: 45/54 MP: 6/6
  2994 | D:4      | HP: 2/54 [poisoned by a scorpion]
  3002 | D:4      | HP: 2/54 [poisoned by a scorpion]
  3326 | D:4      | Reached skill level 6 in Axes
  3329 | D:4      | HP: 2/54 [orc priest/nerve-wracking pain (8)]
  3329 | D:4      | Annihilated by an ogre

Illustrated notes

Levels and vault maps discovered:
D:1:      dpeg_arrival_shrine, layout_rooms
D:2:      layout_loops_ring, cheibriados_altar_1
D:3:      layout_basic, nicolae_qazlal_general_emergency
D:4:      layout_loops_ring, minmay_temple_entry_overgrown, st_stairs_14

Skill      XL: |  1  2  3  4  5  6 |
---------------+-------------------+-----
Axes           | 3 4 5 6 |  6.0
Shields        | 3 4 |  4.0
Fighting       | |  3.0
Armour         | |  2.4

Action                   |  1- 3 |  4- 6 || total
-------------------------+-------+-------++-------
Melee: War axe           |   102 |   105 ||   207
       Tailslap          |     6 |    10 ||    16
 Abil: Rolling Charge    |    15 |     8 ||    23
  Use: Scroll            |       |     2 ||     2
       Potion            |       |     1 ||     1
Armor: Scale mail        |    47 |    38 ||    85
Dodge: Dodged            |    27 |    21 ||    48
Block: Kite shield       |    51 |    48 ||    99

Table legend: (Time is in decaauts)
 A = Elapsed time spent in this place.
 B = Non-inter-level travel time spent in this place.
 C = Inter-level travel time spent in this place.
 D = Time resting spent in this place.
 E = Time spent auto-exploring this place.
 F = Levels seen in this place.
 G = Mean time per level.
                   A        B        C        D        E       F      G
               +--------+--------+--------+--------+--------+-----+--------+
         Total |   3406 |   3320 |     86 |    791 |   2048 |   4 |  851.5 |
       Dungeon |   3406 |   3320 |     86 |    791 |   2048 |   4 |  851.5 |
               +--------+--------+--------+--------+--------+-----+--------+

Top non-repeatable levels by time:
     D:3: 1306 daAuts
     D:2: 854 daAuts
     D:1: 740 daAuts
     D:4: 505 daAuts
